 Dungeon Crawl Stone Soup version 0.27-a0-1184-ge86db4a01e (webtiles) character file.

Game seed: 294165848898573989

86 bisexualwizard the Chopper (level 4, 0/38 HPs)
             Began as a Minotaur Gladiator on May 19, 2021.
             Slain by Terence
             ... wielding a +0 trident
              (7 damage)
             ... on level 2 of the Dungeon.
             The game lasted 00:02:34 (987 turns).

bisexualwizard the Chopper (Minotaur Gladiator)      Turns: 987, Time: 00:02:35

Health: 0/38       AC:  3    Str: 19    XL:     4   Next: 27%
Magic:  3/3        EV: 12    Int:  5    God:
Gold:   28         SH:  0    Dex: 12    Spells: 3/3 levels left

rFire    . . .     SeeInvis .   a - +0 war axe
rCold    . . .     Faith    .   (no shield)
rNeg     . . .     Spirit   .   b - +0 leather armour
rPois    .         Reflect  .   c - +0 hat
rElec    .         Harm     .   (no cloak)
rCorr    .         Rampage  .   (no gloves)
Will     .....                  (no boots)
Stlth    +.........             (no amulet)
HPRegen  0.12/turn              (no ring)
MPRegen  0.08/turn              (no ring)

@: no status effects
A: horns 2, retaliatory headbutt
a: no special abilities


You were on level 2 of the Dungeon.
You visited 1 branch of the dungeon, and saw 2 of its levels.

You collected 28 gold pieces.

Inventory:

Hand Weapons
 a - a +0 war axe (weapon)
Missiles
 d - 4 throwing nets (quivered)
Armour
 b - a +0 leather armour (worn)
 c - a +0 hat (worn)
Scrolls
 e - a scroll of magic mapping {unknown}
 f - 2 scrolls of identify {unknown}
 i - a scroll of teleportation {unknown}
Potions
 h - a potion of flight {unknown}


   Skills:
 + Level 3.0 Fighting
 * Level 5.3 Axes
 - Level 2.0 Throwing
 + Level 1.1 Armour
 + Level 3.7 Dodging


You had 3 spell levels left.
You didn't know any spells.
Your spell library contained the following spells:

 Spells                   Type           Power      Damage    Failure   Level
 Summon Lightning Spire   Summ/Air       0%         N/A       99%         4
 Silence                  Hex/Air        0%         N/A       100%        5
 Conjure Ball Lightning   Conj/Air       0%         3x3d6     100%        6
 Tornado                  Air            0%         N/A       100%        9


Dungeon Overview and Level Annotations

Branches:
Dungeon (2/15)

Altars:

Shops:
D:1 [

Annotations:
D:2 Natasha, Terence


Innate Abilities, Weirdness & Mutations

You have a pair of horns on your head.
You reflexively headbutt those who attack you in melee.


Message History

You are no longer poisoned.
Natasha misses you. You furiously retaliate!
You headbutt Natasha!
You kill Natasha!
Natasha screams in pain as she dies!
Your Fighting skill increases to level 3!
You have reached level 4!
You feel agile.
You are too injured to fight recklessly!
You are too injured to fight recklessly!
You are too injured to fight recklessly!
You hit the quokka.
The quokka is almost dead.
The quokka bites you.
* * * LOW HITPOINT WARNING * * *
You closely miss the quokka.
The quokka is almost dead.
The quokka barely misses you. x2
You closely miss the quokka.
The quokka is almost dead.
The quokka misses you.
You slash the quokka!
You kill the quokka!
You start resting.
Natasha, Servant of Life and Death comes into view.
Natasha is nearby!
You are too injured to fight recklessly!
You are too injured to fight recklessly!
A goblin comes into view. It is wielding a +0 dagger.
The goblin shouts!
You hear a shout!
Terence the Incautious comes into view.
He is wielding a +0 trident.
A rat comes into view.
The goblin barely misses you.
You are too injured to fight recklessly!
You are too injured to fight recklessly!
The goblin hits you but does no damage.
Terence hits you from afar with a +0 trident!
* * * LOW HITPOINT WARNING * * *
Terence says, "Rest in peace."
Terence hits you from afar with a +0 trident!
You die...

#### ...#####
##.....##### ######
...###.....###....#
...# #####....g.@.#
...# ####........#
)..# #..@.......#
.....#
#..r..........
......#
#............#
.#......
#.............
......##
.............##
#.....#
..##........##
......


You could see Terence, a goblin and a rat.

Vanquished Creatures
  Natasha (twice) (D:2)
  An adder (D:2)
  3 bats (D:1)
  An endoplasm (D:1)
  2 giant cockroaches (D:1)
  5 goblins
  3 hobgoblins (D:1)
  4 quokkas
  A ball python (D:1)
  A frilled lizard (D:1)
  4 kobolds (D:1)
  2 rats (D:1)
29 creatures vanquished.

Notes
Turn   | Place    | Note
-------+----------+-------------------------------------------
     0 | D:1      | bisexualwizard the Minotaur Gladiator began the quest for
                  | the Orb.
     0 | D:1      | Reached XP level 1. HP: 18/18 MP: 0/0
   126 | D:1      | Reached skill level 4 in Axes
   186 | D:1      | Reached XP level 2. HP: 25/25 MP: 1/1
   612 | D:1      | Found Lazepes's Armour Shoppe.
   898 | D:2      | Noticed Natasha
   902 | D:2      | Killed Natasha
   903 | D:2      | Reached skill level 1 in Armour
   903 | D:2      | Reached XP level 3. HP: 30/30 MP: 2/2
   917 | D:2      | Noticed Natasha
   919 | D:2      | Reached skill level 5 in Axes
   922 | D:2      | Killed Natasha
   923 | D:2      | Reached XP level 4. HP: 9/38 MP: 3/3
   975 | D:2      | Noticed Natasha
   983 | D:2      | Noticed Terence
   987 | D:2      | Slain by Terence

Illustrated notes

Levels and vault maps discovered:
D:1:      shiori_arrival_maze, layout_loops_ring, serial_shops, shop,
          minmay_curled_crystal, minmay_splitting_lines
D:2:      layout_rooms, uniq_terence, uniq_natasha

Skill      XL: |  1  2  3 |
---------------+----------+-----
Axes           | 4 5 |  5.3
Armour         | 1 |  1.1
Fighting       | 3 |  3.0
Throwing       | |  2.0
Dodging        | |  3.7

Action                   |  1- 3 |  4- 6 || total
-------------------------+-------+-------++-------
Melee: War axe           |    48 |     4 ||    52
       Headbutt          |     6 |       ||     6
  Use: Potion            |     1 |       ||     1
Armor: Leather armour    |    12 |     1 ||    13
Dodge: Dodged            |    34 |     4 ||    38

Table legend: (Time is in decaauts)
 A = Elapsed time spent in this place.
 B = Non-inter-level travel time spent in this place.
 C = Inter-level travel time spent in this place.
 D = Time resting spent in this place.
 E = Time spent auto-exploring this place.
 F = Levels seen in this place.
 G = Mean time per level.
                   A        B        C        D        E       F      G
               +--------+--------+--------+--------+--------+-----+--------+
         Total |   1001 |    962 |     39 |     46 |    759 |   2 |  500.5 |
       Dungeon |   1001 |    962 |     39 |     46 |    759 |   2 |  500.5 |
               +--------+--------+--------+--------+--------+-----+--------+

Top non-repeatable levels by time:
     D:1: 909 daAuts
     D:2: 91 daAuts
